 Dungeon Crawl Stone Soup version 0.31.0-1-g2c135a008e (webtiles) character file.

Game seed: 12947824948511432111

987 Eitelfritz the Ruffian (level 8, -1/56 HPs)
             Began as a Merfolk Shapeshifter on Jan 20, 2024.
             Was an Initiate of Dithmenos.
             Slain by a killer bee (3 damage)
             ... on level 5 of the Dungeon.
             The game lasted 00:12:00 (5581 turns).

Eitelfritz the Ruffian (Merfolk Shapeshifter)       Turns: 5581, Time: 00:12:00

Health: -1/56      AC:  4    Str: 16    XL:     8   Next: 18%
Magic:  8/8        EV: 13    Int: 10    God:    Dithmenos [......]
Gold:   205        SH:  0    Dex: 13    Spells: 7/7 levels left

rFire   . .          .
                       - Unarmed
rCold   . . .        (no shield)
rNeg    . . .        n - +1 leather armour
rPois   .            q - melded +0 hat
rElec   .            w - melded +2 cloak
rCorr   .            h - melded +0 pair of gloves
SInv    .            (boots currently unavailable)
Will    .....        (no amulet)
Stlth   ++           (no ring)
HPRegen 0.29/turn    (no ring)
MPRegen 0.11/turn

%: no passive effects
@: mighty, beast-form
A: beast (slay +3), (nimble swimmer 2), mertail
a: Begin Untransformation, Renounce Religion


You were on level 5 of the Dungeon.
You worshipped Dithmenos.
Dithmenos was noncommittal.
You were a hulking beast.
You visited 2 branches of the dungeon, and saw 7 of its levels.

You collected 205 gold pieces.

Inventory:

Hand Weapons
 a - a +2 trident
Missiles
 t - 6 javelins (quivered)
Armour
 h - a +0 pair of gloves (melded)
 n - a +1 leather armour (worn)
 q - a +0 hat (melded)
 w - a +2 cloak (melded)
Jewellery
 p - a ring of fire
 s - a +6 ring of intelligence
 v - a +6 ring of intelligence
Talismans
 c - a beast talisman (active)
 d - a flux talisman
Scrolls
 f - a scroll of amnesia
 j - 2 scrolls of immolation {unknown}
 m - a scroll of poison
Potions
 b - 2 potions of lignification
 e - a potion of might
 g - 2 potions of invisibility {unknown}
 i - a potion of degeneration {unknown}
 k - 2 potions of attraction {unknown}
 o - a potion of curing
 u - 2 potions of brilliance {unknown}


   Skills:
 + Level 2.2 Fighting
 + Level 1.2 Throwing
 + Level 2.7 Armour
 + Level 4.3 Dodging
 + Level 1.9 Stealth
 + Level 7.6 Unarmed Combat
 + Level 5.8 Shapeshifting


You had 7 spell levels left.
You didn't know any spells.
Your spell library contained the following spells:

 Spells                   Type           Power      Damage    Failure   Level
 Dazzling Flash           Conj/Hex       0%         N/A       80%         3
 Volatile Blastmotes      Fire/Tloc      0%         2d10      80%         3
 Starburst                Conj/Fire      0%         6d3       100%        6
 Maxwell's Capacitive Co  Air            0%         ∞         100%        8


Dungeon Overview and Level Annotations

Branches:
Dungeon (6/15)             Temple (1/1) D:5

Altars:
Ashenzari
Cheibriados
Dithmenos
Elyvilon
Gozag
Hepliaklqana
Makhleb
Nemelex Xobeh
Qazlal
Ru
Sif Muna
Trog
Vehumet
Xom
Zin
The Shining One


Innate Abilities, Weirdness & Mutations

You are a hulking beast.
Your limbs bulge with bestial killing power. (Slay +3)
((You are very nimble when in or above water. (Stealth+, EV+, Speed+++)))
Your lower body shifts to a powerful aquatic tail in water.


Message History

The killer bee attacks as it pursues you!
The killer bee completely misses you. The killer bee closely misses you.
The killer bee stings you.
* * * LOW HITPOINT WARNING * * *
You are poisoned.
The killer bee poisons you!
You feel very sick. The killer bee closely misses you.
The killer bee barely misses you.
You feel much better.
You feel sick. The killer bee barely misses you. The killer bee stings you.
The killer bee barely misses you.
The killer bee stings you but does no damage.
You feel very mighty all of a sudden.
You feel sick. The killer bee stings you! The killer bee closely misses you.
The killer bee stings you.
* * * LOW HITPOINT WARNING * * *
The killer bee stings you.
* * * LOW HITPOINT WARNING * * *
You punch the killer bee! Your punch misses the killer bee.
The killer bee is severely wounded.
You feel sick. The killer bee barely misses you.
The killer bee stings you but does no damage.
The killer bee closely misses you.
You miss the killer bee.
The killer bee is severely wounded.
You feel sick. The killer bee closely misses you. x3
You punch the killer bee!
You kill the killer bee!
Dithmenos accepts your kill.
You feel sick. The killer bee misses you. The killer bee stings you!
* * * LOW HITPOINT WARNING * * *
You feel better. The killer bee stings you.
* * * LOW HITPOINT WARNING * * *
The killer bee stings you.
* * * LOW HITPOINT WARNING * * *
You are lethally poisoned!
The killer bee poisons you!
You feel better. The killer bee stings you.
* * * LOW HITPOINT WARNING * * *
The killer bee stings you.
You die...

###.............# #..... #
#.............# ##....
###.............# ##### #....
..<............## ##...##
##..# ...........>†.##
##.....# #... ###...........##
#......# ##..
#............###......## ###.
##...........y###......#
###...
###.#####....h.#......###.....
### ### ####....#.....#.......
#.## ###...#.....####... ...##
###....(### ##.. ....# ##..###
#.. ...## #.## ##. ...# ##.#
#. ...# #..# ## ...## #.##


You could see a killer bee.

Vanquished Creatures
  A water moccasin (D:5)
  A black bear (D:5)
  A sky beast (D:5)
  2 ogres (D:5)
  A gnoll sergeant (D:4)
  2 killer bees (D:5)
  A howler monkey (D:4)
  An orc priest (D:5)
  A hound (D:5)
  A sleepcap (D:5)
  An iguana (D:5)
  9 gnolls
  6 adders
  3 dart slugs
  2 ribbon worms
  6 orcs
  8 ball pythons
  11 endoplasms
  A giant cockroach (D:1)
  3 goblins (D:2)
  6 hobgoblins
  5 jackals
  2 quokkas
  2 bats
  A frilled lizard (D:2)
  9 kobolds
  10 rats
97 creatures vanquished.

Notes
Turn   | Place    | Note
-------+----------+-------------------------------------------
     0 | D:1      | Eitelfritz the Merfolk Shapeshifter began the quest for the
                  | Orb.
     0 | D:1      | Reached XP level 1. HP: 15/15 MP: 1/1
    63 | D:1      | Reached XP level 2. HP: 20/21 MP: 2/2
   750 | D:2      | Reached XP level 3. HP: 26/26 MP: 3/3
   805 | D:2      | You fall into a shaft and drop 2 floors!
   963 | D:2      | Reached skill level 4 in Unarmed Combat
  1466 | D:2      | Reached skill level 5 in Shapeshifting
  1535 | D:2      | Found a faded altar of an unknown god.
  1773 | D:3      | Reached XP level 4. HP: 30/32 MP: 4/4
  1879 | D:3      | Found a glowing silver altar of Zin.
  1880 | D:3      | Found a white marble altar of Elyvilon.
  1881 | D:3      | Found a glowing golden altar of the Shining One.
  2271 | D:3      | Reached XP level 5. HP: 33/37 MP: 5/5
  2676 | D:4      | Reached skill level 5 in Unarmed Combat
  2802 | D:3      | Reached skill level 1 in Armour
  3250 | D:4      | Reached XP level 6. HP: 38/43 MP: 6/6
  3287 | D:4      | Reached skill level 1 in Throwing
  3734 | D:5      | Entered Level 5 of the Dungeon
  4090 | D:5      | Noticed a black bear
  4282 | D:5      | Found a staircase to the Ecumenical Temple.
  4288 | D:5      | Reached skill level 6 in Unarmed Combat
  4291 | Temple   | Entered the Ecumenical Temple
  4365 | D:5      | Reached XP level 7. HP: 48/49 MP: 7/7
  4371 | D:5      | Reached skill level 1 in Stealth
  4972 | D:5      | Reached skill level 7 in Unarmed Combat
  4975 | D:5      | Reached XP level 8. HP: 52/56 MP: 8/8
  5306 | Temple   | Became a worshipper of Dithmenos the Shadowed
  5579 | D:5      | HP: 2/56 [killer bee (7)]
  5581 | D:5      | Slain by a killer bee

Illustrated notes

Levels and vault maps discovered:
D:1:      dreamdust_arrival_beginning_and_end, layout_loops_ring
D:2:      layout_loops_ring, shapermc_ecumenical_altar_venn
D:3:      layout_rooms, good_gods_temple_1
D:4:      layout_gridville, grunt_ministairs_15
D:5:      layout_cave_pods, minmay_temple_entry_proselytizer,
          chequers_serial_rivers_micro_c, abandoned_shop,
          kennysheep_generic_room_6
D:6:      layout_loops_ring, wad_floor_pattern_untrapped, uniq_duvessa
Temple:   compressed_dpeg_triangle_lava_temple

Skill      XL: |  1  2  3  4  5  6  7 |
---------------+----------------------+-----
Unarmed Combat | 4 5 6 7 |  7.6
Dodging        | 3 4 |  4.3
Shapeshifting  | 5 |  5.8
Armour         | 1 2 |  2.7
Throwing       | 1 |  1.2
Stealth        | 1 |  1.9
Fighting       | 2 |  2.2

Action                     |  1- 3 |  4- 6 |  7- 9 || total
---------------------------+-------+-------+-------++-------
  Melee: Unarmed           |   103 |   138 |    54 ||   295
         Punch             |     1 |     3 |     1 ||     5
  Throw: Javelin           |       |     5 |       ||     5
Ability: Begin Untransform |       |     1 |       ||     1
    Use: Scroll            |       |     9 |       ||     9
         Potion            |       |       |     7 ||     7
   Stab: Sleeping          |       |     1 |       ||     1
 Armour: Animal skin       |    36 |       |       ||    36
         Leather armour    |    11 |    87 |    57 ||   155
  Dodge: Dodged            |    64 |    83 |    61 ||   208
   Form: Beast             |       |     1 |       ||     1
